 Dungeon Crawl Stone Soup version 0.28-a0-779-g3d1f99b579 (webtiles) character file.

Game seed: 14100346120416969083

9 ytrimaz the Grave Robber (level 2, 0/19 HPs)
             Began as a Demonspawn Necromancer on Nov 2, 2021.
             Slain by a jackal (3 damage)
             ... on level 1 of the Dungeon.
             The game lasted 00:00:35 (162 turns).

ytrimaz the Grave Robber (Demonspawn Necromancer)    Turns: 162, Time: 00:00:36

Health: 0/19       AC:  2    Str:  8    XL:     2   Next: 3%
Magic:  0/5        EV: 12    Int: 16    God:
Gold:   0          SH:  0    Dex: 13    Spells: 4/5 levels left

rFire   . . .      SeeInvis .   (no weapon)
rCold   . . .      Faith    .   (no shield)
rNeg    . . .      Spirit   .   a - +0 robe
rPois   .          Reflect  .   (no helmet)
rElec   .          Harm     .   (no cloak)
rCorr   .          Rampage  .   (no gloves)
Will    .....                   (no boots)
Stlth   ++........              (no amulet)
HPRegen 0.06/turn               (no ring)
MPRegen 0.09/turn               (no ring)

@: no status effects
A: demonic magic 1
a: no special abilities


You were on level 1 of the Dungeon.
You visited 1 branch of the dungeon, and saw 1 of its levels.

Inventory:

Armour
 a - a +0 robe (worn)


   Skills:
 - Level 1.7 Dodging
 - Level 1.7 Stealth
 + Level 2.1 Spellcasting
 + Level 4.8 Necromancy


You had 4 spell levels left.
You knew the following spells:

 Your Spells              Type           Power      Damage    Failure   Level
a - Pain                  Necr           68%        1d7       2%          1

Your spell library contained the following spells:

 Spells                   Type           Power      Damage    Failure   Level
 Animate Skeleton         Necr           34%        N/A       2%          1
 Vampiric Draining        Necr           17%        2d7       9%          3
 Animate Dead             Necr           8%         N/A       28%         4
 Dazzling Flash           Conj/Hex       2%         N/A       52%         3
 Iskenderun's Mystic Bla  Conj/Tloc      1%         2d3       90%         4
 Agony                    Necr           17%        N/A       61%         5
 Starburst                Conj/Fire      0%         6d3       100%        6


Dungeon Overview and Level Annotations

Branches:
Dungeon (1/15)

Altars:


Innate Abilities, Weirdness & Mutations

Spells you cast may paralyse adjacent enemies.


Message History

The jackal writhes in agony.
Malevolent energies surge around you.
The jackal suddenly stops moving!
The helpless jackal fails to defend itself.
You hit the jackal but do no damage.
The jackal is moderately wounded.
The helpless jackal fails to defend itself.
You hit the jackal.
The jackal is heavily wounded.
The helpless jackal fails to defend itself.
You hit the jackal.
The jackal is severely wounded.
The jackal is no longer paralysed.
The jackal bites you. The jackal barely misses you.
You hit the jackal but do no damage.
The jackal is severely wounded.
The jackal barely misses you.
You closely miss the jackal.
The jackal is severely wounded.
The jackal barely misses you. The jackal bites you.
* * * LOW HITPOINT WARNING * * *
Unknown command.
The jackal bites you.
* * * LOW HITPOINT WARNING * * *
Found 3 gold pieces.
A goblin comes into view. It is wielding a +0 dagger.
The jackal closely misses you. The jackal closely misses you.
Casting: Pain (safe; 2% risk of failure)
Confirm with . or Enter, or press ? or * to list all spells.
Aiming: Pain (safe; 2% risk of failure)
Press: ? - help, Shift-Dir - straight line, f/p - jackal
Aim: a jackal (heavily wounded, chance to affect: 87%)
The jackal barely resists.
Malevolent energies surge around you. The jackal closely misses you.
The jackal bites you but does no damage.
Unknown command.
You aren't carrying any scrolls.
You aren't carrying any potions.
The jackal bites you.
You die...

#...≈≈≈...#
##...≈...##
#...≈...# .#
##.....##
.########.....#
......###...##
#.....# #...#
#..g..# #.†.#
#@..$.# #'''#
#.h...# #...#
###.### ##..# #
#.# #.## #. #.#
####.######
#..## #.#
#...)..#..
#...##.#
#..)...#>#
#....#
#......#>#
###..#
#........#


You could see a jackal and a goblin (asleep).

Vanquished Creatures
  2 ball pythons (D:1)
  A hobgoblin (D:1)
  3 jackals (D:1)
  2 kobolds (D:1)
8 creatures vanquished.

Notes
Turn   | Place    | Note
-------+----------+-------------------------------------------
     0 | D:1      | ytrimaz the Demonspawn Necromancer began the quest for the
                  | Orb.
     0 | D:1      | Reached XP level 1. HP: 13/13 MP: 3/3
   128 | D:1      | Gained mutation: Spells you cast may paralyse adjacent
                  | enemies. [demonic ancestry]
   128 | D:1      | Reached XP level 2. HP: 14/19 MP: 1/5
   162 | D:1      | Slain by a jackal

Illustrated notes

Levels and vault maps discovered:
D:1:      lemuel_arrival_funnel, layout_rooms, basic_ecumenical_altar,
          minmay_fountain_box, minmay_3d_cube

Action                   || total
-------------------------++-------
Melee: Unarmed           ||    10
 Cast: Pain              ||    12
  Use: Scroll            ||     1
 Stab: Paralysed         ||     3
Armor: Robe              ||     4
Dodge: Dodged            ||    15

Table legend: (Time is in decaauts)
 A = Elapsed time spent in this place.
 B = Non-inter-level travel time spent in this place.
 C = Inter-level travel time spent in this place.
 D = Time resting spent in this place.
 E = Time spent auto-exploring this place.
 F = Levels seen in this place.
 G = Mean time per level.
                   A        B        C        D        E       F      G
               +--------+--------+--------+--------+--------+-----+--------+
         Total |    162 |    162 |      0 |     60 |     23 |   1 |  162.0 |
       Dungeon |    162 |    162 |      0 |     60 |     23 |   1 |  162.0 |
               +--------+--------+--------+--------+--------+-----+--------+

Top non-repeatable levels by time:
     D:1: 162 daAuts
